 Dungeon Crawl Stone Soup version 0.24-a0-581-gc0fa660 (webtiles) character file.

Game seed: 10436418364216021172

1236 Dorkslayer the Chopper (level 8, -15/71 HPs)
             Began as a Minotaur Fighter on Aug 24, 2019.
             Killed from afar by a gargoyle (23 damage)
             ... with a stone arrow
             ... on level 5 of the Dungeon.
             The game lasted 00:18:17 (3624 turns).

Dorkslayer the Chopper (Minotaur Fighter)           Turns: 3624, Time: 00:18:18

Health: -15/71     AC: 14    Str: 22    XL:     8   Next: 24%
Magic:  8/8        EV:  7    Int:  5    God:
Gold:   292        SH:  7    Dex: 11    Spells: 7/7 levels left

rFire    . . .     SeeInvis .   a - +0 war axe
rCold    + . .     Gourm    .   b - +2 buckler
rNeg     . . .     Faith    .   q - +0 plate armour
rPois    .         Spirit   .   u - +1 hat
rElec    .         Reflect  .   (no cloak)
rCorr    .         Harm     .   (no gloves)
MR       .....                  j - +0 pair of boots
Stlth    ..........             t - amulet of rage
HPRegen  0.21/turn              y - ring of protection from cold
MPRegen  0.11/turn              (no ring)

@: about to teleport
A: retaliatory headbutt, horns 2
a: Evoke Berserk Rage


You were on level 5 of the Dungeon.
You were not hungry.

You visited 1 branch of the dungeon, and saw 5 of its levels.
You also visited: Sewer and Ossuary.

You collected 292 gold pieces.

Inventory:

Hand Weapons
 a - a +0 war axe (weapon)
Missiles
 k - 5 boomerangs (quivered)
Armour
 b - a +2 buckler (worn)
 c - a +1 shield
 j - a +0 pair of boots (worn)
 q - a +0 plate armour (worn)
 u - a +1 hat (worn)
Jewellery
 s - an uncursed amulet of the acrobat
 t - an amulet of rage (around neck)
 y - a ring of protection from cold (left hand)
Wands
 h - a wand of flame (13)
Scrolls
 l - 3 scrolls of teleportation
 r - a scroll of magic mapping
 v - a scroll of remove curse
 x - a scroll of amnesia
Potions
 d - 2 potions of might
 e - 2 potions of agility
 g - 5 potions of curing
 i - 3 potions of heal wounds
 n - a potion of resistance {unknown}
 o - a potion of haste
 p - a potion of mutation
 w - a potion of brilliance
Comestibles
 f - 7 rations
 m - 3 chunks of flesh


   Skills:
 * Level 6.7 Fighting
 + Level 7.3 Axes
 + Level 0.6 Throwing
 + Level 5.5 Armour
 + Level 1.5 Dodging
 + Level 5.9 Shields
 * Level 2.5 Evocations


You had 7 spell levels left.
You didn't know any spells.
Your spell library was empty.

Dungeon Overview and Level Annotations

Branches:
Dungeon (5/15)              Sewer (visited)         Ossuary (visited)
 Temple: D:4-7

Altars:
Uskayaw
Xom


Innate Abilities, Weirdness & Mutations

You reflexively headbutt those who attack you in melee.
You have a pair of horns on your head.


Message History

The gargoyle is lightly damaged.
The gargoyle hurls a stone arrow at you.
The stone arrow hits you!
You hit the gargoyle but do no damage. Your headbutt misses the gargoyle.
The gargoyle is lightly damaged.
The gargoyle hits you with a cursed -1 mace!
You hit the gargoyle.
The gargoyle is moderately damaged.
You block the gargoyle's attack.
You closely miss the gargoyle.
The gargoyle is moderately damaged.
You block the gargoyle's attack.
As you read the scroll of teleportation, it crumbles to dust.
You feel strangely unstable.
The gargoyle hurls a stone arrow at you.
The stone arrow hits you!!
* * * LOW HITPOINT WARNING * * *
The gargoyle hurls a stone arrow at you.
The stone arrow hits you!!
You die...

############**
#...........,*
#..@.9......,*
#..########.,*
#..#,,,,*,*,,*
#..#,,,,,,*,,*
#..#,,*,,,*,,*
#..#,,*,,,*,,*
#..#***,,,*,,*
#..#≈≈*,,,*,,*
#..#,,*,,,,,,*


You could see a gargoyle.

Vanquished Creatures
  An ogre (D:4)
  A crocodile (Sewer)
  8 scorpions (Ossuary)
  2 howler monkeys (D:4)
  3 centaur zombies (Ossuary)
  2 human zombies (Ossuary)
  3 orc wizards
  3 orc priests (D:4)
  An iguana (D:5)
  2 worker ants
  3 mummies (Ossuary)
  4 adders
  5 scorpion zombies (Ossuary)
  An ooze (D:3)
  7 worms
  A dart slug (D:4)
  A leopard gecko (D:1)
  17 orcs
  6 giant cockroaches
  3 gnoll zombies (Ossuary)
  8 goblins
  12 hobgoblins
  8 jackals
  3 quokkas
  4 ball pythons
  16 bats
  4 frilled lizards (D:3)
  2 goblin zombies (Ossuary)
  3 hobgoblin zombies
  4 kobolds
  A kobold zombie (Ossuary)
  2 orc zombies (Ossuary)
  6 rats
147 creatures vanquished.

Notes
Turn   | Place    | Note
-------+----------+-------------------------------------------
     0 | D:1      | Dorkslayer the Minotaur Fighter began the quest for the
                  | Orb.
     0 | D:1      | Reached XP level 1. HP: 19/19 MP: 0/0
   137 | D:1      | Reached XP level 2. HP: 27/27 MP: 1/1
  1034 | D:2      | Reached XP level 3. HP: 26/33 MP: 2/2
  1227 | D:2      | Reached skill level 3 in Axes
  1284 | D:2      | Reached XP level 4. HP: 5/41 MP: 3/3
  1843 | D:3      | Reached skill level 4 in Axes
  1843 | D:3      | Reached XP level 5. HP: 18/47 MP: 4/4
  2108 | D:3      | Found a glowing drain.
  2119 | Sewer    | Entered a sewer
  2161 | Sewer    | Noticed a crocodile
  2170 | Sewer    | Killed a crocodile
  2170 | Sewer    | Reached skill level 5 in Fighting
  2170 | Sewer    | Reached skill level 1 in Dodging
  2304 | D:3      | Reached XP level 6. HP: 37/56 MP: 5/5
  2546 | D:4      | Reached skill level 5 in Shields
  2586 | D:4      | Reached skill level 5 in Armour
  2591 | D:4      | Reached skill level 5 in Axes
  2659 | D:4      | Reached XP level 7. HP: 39/62 MP: 6/6
  2757 | D:4      | Found a hide-covered altar of Uskayaw.
  2944 | D:4      | Found a shimmering altar of Xom.
  3072 | D:5      | Entered Level 5 of the Dungeon
  3093 | D:5      | Found a sand-covered staircase.
  3131 | Ossuary  | Entered an ossuary
  3148 | Ossuary  | Reached skill level 1 in Evocations
  3179 | Ossuary  | Reached skill level 6 in Axes
  3359 | Ossuary  | Reached XP level 8. HP: 62/71 MP: 8/8
  3478 | Ossuary  | Reached skill level 7 in Axes
  3614 | D:5      | Noticed a gargoyle
  3624 | D:5      | Killed from afar by a gargoyle

Levels and vault maps discovered:
D:1:      mrwooster_arrival_statue_3, layout_loops_ring, minivault_23
D:2:      layout_basic
D:3:      layout_basic, first_ration, cheibrodos_sewer_entry_bend,
          minmay_fractal_squares_diagonal_5
D:4:      layout_cave_pools, overflow_temple_1_default,
          lemuel_coloured_pillars_altar, hangedman_decor_riveting
D:5:      black_bear_nest_2, layout_rooms, grunt_temple_overflow_open,
          enter_ossuary_3, sigmund_edmund_badplayer

Skill      XL: |  1  2  3  4  5  6  7  8 |
---------------+-------------------------+-----
Fighting       | 4 5 6 |  6.7
Armour         | 4 5 |  5.5
Axes           | 3 4 5 6 7 |  7.3
Shields        | 4 5 |  5.9
Dodging        | 1 |  1.5
Evocations     | 2 |  2.5
Throwing       | |  0.6

Action                   |  1- 3 |  4- 6 |  7- 9 || total
-------------------------+-------+-------+-------++-------
Melee: War axe           |    96 |   121 |   124 ||   341
       Headbutt          |    18 |    25 |    19 ||    62
Throw: Boomerang         |       |       |     2 ||     2
Evoke: Wand              |       |       |     8 ||     8
  Use: Scroll            |       |     6 |    13 ||    19
  Eat: Chunk             |     1 |     5 |     1 ||     7
       Ration            |       |       |     1 ||     1
Armor: Scale mail        |    46 |    84 |       ||   130
       Plate armour      |       |    17 |    62 ||    79
Dodge: Dodged            |    33 |    60 |    33 ||   126
Block: Shield            |    42 |    95 |       ||   137
       Buckler           |       |     9 |    54 ||    63

Table legend:
 A = Non-vault XP
 B = Vault XP
 C = Vault XP percentage of total XP
 D = Non-vault monster count
 E = Vault monster count
 F = Vault count percentage of total count
                 A         B        C        D         E       F
            +---------+---------+-------+---------+---------+-------
      Total |     822 |     944 |  53.5 |     100 |      47 |  32.0
            +---------+---------+-------+---------+---------+-------
        D:1 |      35 |       0 |   0.0 |      20 |       0 |   0.0
        D:2 |     123 |       0 |   0.0 |      29 |       0 |   0.0
        D:3 |     110 |      23 |  17.3 |      28 |       9 |  24.3
        D:4 |     482 |       0 |   0.0 |      20 |       0 |   0.0
        D:5 |      72 |       1 |   1.4 |       3 |       1 |  25.0
      Sewer |       0 |     111 | 100.0 |       0 |       6 | 100.0
    Ossuary |       0 |     809 | 100.0 |       0 |      31 | 100.0
            +---------+---------+-------+---------+---------+-------
